 Dungeon Crawl Stone Soup version 0.20.1-1-g8b1a95d (webtiles) character file.

109 Mimshu the Insei (level 4, -5/28 HPs)
             Began as an Octopode Transmuter on Nov 30, 2017.
             Slain by Mimshu's ghost (12 damage)
             ... on level 3 of the Dungeon.
             The game lasted 00:07:33 (3500 turns).

Mimshu the Insei (Octopode Transmuter)              Turns: 3500, Time: 00:07:34

Health: -5/28      AC:  1    Str: 10    XL:     4   Next: 89%
Magic:  7/7        EV: 13    Int: 15    God:
Gold:   79         SH:  0    Dex: 12    Spells: 3/7 levels left

rFire    . . .     SeeInvis .   o - -1 short sword (curse)
rCold    . . .     Gourm    +   (no shield)
rNeg     . . .     Faith    .   (helmet restricted)
rPois    .         Spirit   .   e - amulet of the gourmand
rElec    .         Reflect  .   (no ring)
rCorr    .         Harm     .   (no ring)
MR       .....                  (no ring)
Stlth    +++.......             (no ring)
Regen    0.1/turn               (no ring)
MPRegen  0.1/turn               (no ring)
                                (no ring)
                                (no ring)

@: no status effects
A: almost no armour, stealthy swim, amphibious, 8 rings, constrict 8, camouflage
1, gelatinous body 1
a: no special abilities


You were on level 3 of the Dungeon.
You were completely stuffed.

You visited 1 branch of the dungeon, and saw 3 of its levels.

You collected 79 gold pieces.

Inventory:

Hand Weapons
 j - a +0 short sword
 o - a cursed -1 short sword (weapon)
 p - a +0 whip
Missiles
 a - 55 arrows
 i - 100 stones (quivered)
Armour
 h - a +0 helmet
 m - a +0 ring mail
 s - a scarf of spirit shield
Magical Staves
 l - an uncursed staff of conjuration
Jewellery
 e - an amulet of the gourmand (around mantle)
Scrolls
 d - a scroll of recharging
 t - a scroll of teleportation
 v - a scroll of noise {unknown}
Potions
 k - a potion of mutation {unknown}
 n - a potion of berserk rage {unknown}
 r - a potion of heal wounds {unknown}
Books
 b - a book of Changes

   Spells                             Type                      Level
   a - Beastly Appendage              Transmutation                1
   b - Sticks to Snakes               Transmutation                2
   c - Spider Form                    Transmutation/Poison         3
   d - Ice Form                       Ice/Transmutation            4
   e - Blade Hands                    Transmutation                5
 q - a book of Changes

   Spells                             Type                      Level
   a - Beastly Appendage              Transmutation                1
   b - Sticks to Snakes               Transmutation                2
   c - Spider Form                    Transmutation/Poison         3
   d - Ice Form                       Ice/Transmutation            4
   e - Blade Hands                    Transmutation                5
Comestibles
 c - 2 bread rations
 f - 2 meat rations
 g - a royal jelly
 u - 2 chunks of flesh


   Skills:
 + Level 1.2 Fighting
 + Level 1.4 Short Blades
 + Level 2.4 Dodging
 + Level 1.5 Stealth
 + Level 4.0 Unarmed Combat
 + Level 2.3 Spellcasting
 + Level 2.4 Transmutations
 + Level 0.2 Poison Magic


You had 3 spell levels left.
You knew the following spells:

 Your Spells              Type           Power        Failure   Level  Hunger
a - Beastly Appendage     Tmut           #.....       8%          1    #......
b - Spider Form           Tmut/Pois      #.........   36%         3    ###....


Dungeon Overview and Level Annotations

Branches:
Dungeon (3/15)

Altars:

Annotations:
D:3 Mimshu's ghost, amateur MfBe


Innate Abilities, Weirdness & Mutations

You cannot wear most types of armour.
You are very stealthy in the water. (Stealth+)
You are amphibious.
You can wear up to eight rings at the same time.
You can use your tentacles to constrict eight enemies at once.
Your skin changes colour to match your surroundings (Stealth+).
Your rubbery body absorbs attacks. (AC +1, EV +1)


Message History

Mimshu's ghost (amateur Merfolk Berserker) comes into view.
Mimshu's ghost turns its malevolent gaze towards you.
Mimshu's ghost hits you.
You hit Mimshu's ghost but do no damage.
Your squeeze misses Mimshu's ghost. Mimshu's ghost hits you!
You hit Mimshu's ghost.
Mimshu's ghost is lightly damaged.
Mimshu's ghost hits you.
You closely miss Mimshu's ghost. Your squeeze misses Mimshu's ghost.
Mimshu's ghost hits you.
You barely miss Mimshu's ghost. Mimshu's ghost hits you.
You hit Mimshu's ghost but do no damage.
Mimshu's ghost hits you.
You hit Mimshu's ghost but do no damage.
Mimshu's ghost hits you.
* * * LOW HITPOINT WARNING * * *
Found a stone staircase leading down.
Mimshu's ghost wails.
Mimshu's ghost hits you!
You die...

##...###........
##......##.#.## ##
#.####<..)..# ..
#...........# #.
#########.### #.
#...# #. #...#
#.##### #...#
#.@W..# #...#
#####o#######...###
#.##...........
#.............#
#.##...........
...#######...###
#....# #...# #....#
#...# ##.#.# #...#


You could see Mimshu's ghost and an orc.

Vanquished Creatures
  3 adders (D:2)
  2 worms (D:2)
  2 dart slugs
  2 leopard geckos
  3 orcs (D:3)
  A ball python (D:1)
  4 giant cockroaches
  3 goblins (D:2)
  13 hobgoblins
  4 jackals (D:2)
  10 kobolds
  A quokka (D:2)
  5 bats
  3 frilled lizards
  8 rats
64 creatures vanquished.

Notes
Turn   | Place    | Note
-------+----------+-------------------------------------------
     0 | D:1      | Mimshu the Octopode Transmuter began the quest for the Orb.
     0 | D:1      | Reached XP level 1. HP: 13/13 MP: 3/3
   515 | D:1      | Reached XP level 2. HP: 18/18 MP: 5/5
  1334 | D:1      | Reached XP level 3. HP: 16/23 MP: 6/6
  1766 | D:2      | Learned a level 3 spell: Spider Form
  1932 | D:2      | Reached skill level 1 in Short Blades
  1932 | D:2      | Reached skill level 4 in Unarmed Combat
  1932 | D:2      | Reached XP level 4. HP: 19/28 MP: 7/7
  2046 | D:2      | Reached skill level 1 in Stealth
  3479 | D:3      | Noticed Mimshu's ghost (amateur MfBe)
  3500 | D:3      | Slain by Mimshu's ghost

Skill      XL: |  1  2  3  4 |
---------------+-------------+-----
Short Blades   | 1 |  1.4
Unarmed Combat | 4 |  4.0
Stealth        | 1 |  1.5
Fighting       | |  1.2
Dodging        | |  2.4
Spellcasting   | |  2.3
Transmutations | |  2.4
Poison Magic   | |  0.2

Action                   |  1- 3 |  4- 6 || total
-------------------------+-------+-------++-------
Melee: Unarmed           |     9 |     4 ||    13
       Constrict         |    23 |    18 ||    41
       Tentacles         |    23 |    12 ||    35
       Short sword       |    62 |    77 ||   139
       Punch             |     5 |     2 ||     7
Throw: Stone             |       |     5 ||     5
 Cast: Spider Form       |     2 |     1 ||     3
  Use: Scroll            |     2 |     2 ||     4
 Stab: Sleeping          |     3 |     4 ||     7
  Eat: Chunk             |    14 |     5 ||    19
Armor: Skin              |     1 |     5 ||     6
Dodge: Dodged            |    52 |    50 ||   102
